 Dungeon Crawl Stone Soup version 0.29-a0-409-gd843f3a48c (webtiles) character file.

Game seed: 2084874389440841669

660 bande the Digger (level 7, -1/52 (56) HPs)
             Began as a Gnoll Wanderer on May 14, 2022.
             Slain by a wight
             ... wielding a +2 mace of protection
              (4 damage)
             ... on level 4 of the Dungeon.
             The game lasted 00:10:20 (4594 turns).

bande the Digger (Gnoll Wanderer)                   Turns: 4594, Time: 00:10:20

HP:   -1/52 (56)    AC: 10    Str: 16    XL:     7   Next: 56%
MP:   12/12         EV: 10    Int: 10    God:
Gold: 267           SH:  0    Dex: 10    Spells: 12/13 levels left

rFire   . . .      SeeInvis .   g - +2 falchion (freeze)
rCold   . . .      Faith    .   (no shield)
rNeg    + + .      Spirit   .   m - +0 scale mail
rPois   .          Reflect  .   o - +0 helmet
rElec   .          Harm     .   b - +0 cloak
rCorr   .          Rampage  .   (no gloves)
Will    .....                   f - +0 pair of boots
Stlth   +.........              j - amulet of regeneration
HPRegen 0.97/turn               u - ring of positive energy
MPRegen 0.13/turn               w - ring of positive energy

@: drained
A: fangs 1, strong nose, distributed training
a: no special abilities


You were on level 4 of the Dungeon.
You visited 2 branches of the dungeon, and saw 5 of its levels.

You collected 267 gold pieces.

Inventory:

Hand Weapons
 a - a +0 shortbow
 g - a +2 falchion of freezing (weapon)
 r - a +0 flail
Missiles
 d - 205 stones
Armour
 b - a +0 cloak (worn)
 f - a +0 pair of boots (worn)
 m - a +0 scale mail (worn)
 o - a +0 helmet (worn)
Jewellery
 j - an amulet of regeneration (around neck)
 q - an amulet of reflection
 s - a ring of ice
 t - an amulet of magic regeneration
 u - a ring of positive energy (left hand)
 w - a ring of positive energy (right hand)
Scrolls
 c - 4 scrolls of fog
 i - 5 scrolls of teleportation
Potions
 e - 3 potions of flight
 h - 2 potions of resistance
 k - 2 potions of heal wounds
 l - a potion of curing
 p - a potion of lignification {unknown}
 v - 2 potions of might {unknown}


   Skills:
 + Level 5.3 Fighting
 + Level 2.5 Short Blades
 + Level 2.5 Long Blades
 + Level 2.5 Axes
 + Level 2.5 Maces & Flails
 + Level 2.5 Polearms
 + Level 2.5 Staves
 + Level 2.5 Slings
 + Level 5.3 Bows
 + Level 2.5 Crossbows
 + Level 2.5 Throwing
 + Level 3.7 Armour
 + Level 3.7 Dodging
 + Level 2.5 Stealth
 + Level 2.5 Shields
 + Level 2.5 Unarmed Combat
 + Level 3.8 Spellcasting
 + Level 2.1 Conjurations
 + Level 2.1 Hexes
 + Level 2.1 Summonings
 + Level 2.1 Necromancy
 + Level 2.1 Translocations
 + Level 2.1 Transmutations
 + Level 2.1 Fire Magic
 + Level 2.1 Ice Magic
 + Level 2.1 Air Magic
 + Level 5.8 Earth Magic
 + Level 2.1 Poison Magic
 + Level 2.8 Invocations
 + Level 2.5 Evocations


You had 12 spell levels left.
You knew the following spells:

 Your Spells              Type           Power      Damage    Failure   Level
a - Sandblast             Erth           26%        2d8       8%          1

Your spell library contained the following spells:

 Spells                   Type           Power      Damage    Failure   Level
 Passwall                 Tmut/Erth      7%         N/A       26%         2
 Shock                    Conj/Air       24%        1d4       36%         1
 Inner Flame              Hex/Fire       6%         N/A       75%         3
 Swiftness                Air            6%         N/A       75%         3
 Animate Armour           Summ/Erth      18%        N/A       86%         4
 Airstrike                Air            3%         N/A       98%         4
 Cause Fear               Hex            3%         N/A       98%         4
 Discord                  Hex            3%         N/A       100%        8


Dungeon Overview and Level Annotations

Branches:
Dungeon (4/15)             Temple (1/1) D:4

Altars:
Ashenzari
Cheibriados
Elyvilon
Gozag
Hepliaklqana
Nemelex Xobeh
Qazlal
Sif Muna
Trog
Uskayaw
Vehumet
Wu Jian
Xom
Yredelemnul
Zin
The Shining One

Shops:
D:2 (


Innate Abilities, Weirdness & Mutations

You have very sharp teeth.
Your uncanny sense of smell can sniff out nearby items.
Your experience applies equally to all skills.


Message History

You hit the wight but do no damage.
The wight is severely damaged.
The wight barely misses you.
You hit the wight but do no damage.
The wight is severely damaged.
The wight hits you with a +1 vorpal hand axe!
You partially resist.
You feel drained.
The wight hits you with a +1 vorpal hand axe.
* * * LOW HITPOINT WARNING * * *
You partially resist.
* * * LOW HITPOINT WARNING * * *
You hit the wight. Your bite misses the wight.
The wight is severely damaged.
The wight hits you with a +1 vorpal hand axe.
* * * LOW HITPOINT WARNING * * *
You partially resist.
You feel drained.
* * * LOW HITPOINT WARNING * * *
Unknown command.
You slash the wight!
You destroy the wight!
You barely miss the wight.
The wight hits you with a +2 mace of protection.
* * * LOW HITPOINT WARNING * * *
You barely miss the wight.
The wight hits you with a +2 mace of protection.
* * * LOW HITPOINT WARNING * * *
You slash the wight! You bite the wight.
The wight is heavily damaged.
The wight hits you with a +2 mace of protection.
* * * LOW HITPOINT WARNING * * *
You partially resist.
You feel drained.
You barely miss the wight.
The wight is heavily damaged.
The wight hits you with a +2 mace of protection.
* * * LOW HITPOINT WARNING * * *
You partially resist. The wight hits you but does no damage.
You hit the wight. Your bite misses the wight.
The wight is heavily damaged.
The wight hits you with a +2 mace of protection.
You die...

#<##.##.#
#...<..#.#...##.######.
#.##..#.#
###.##.......##.# ###.
#.###.#.#
#.####.#...##.# #... #..
...#
#.####.#.#.##.####.#.
### .###
#......#............. .#
#############.##.####.##
.. ..............##.#
#.## ∆.#
.##.##.########.####...
#@# ######.##..... #z#
#.......#.#### #.#
#.......#.#### #.#
#.......#.##.[ ..#
#............# ###
#..^....#.####
#.............
#.......###### #.##.##.#
#..


You could see a wight.

Vanquished Creatures
  Sigmund (D:2)
  A scorpion (D:4)
  3 wights (D:4)
  An orc priest (D:3)
  An iguana (D:4)
  Jessica (D:2)
  2 orc wizards
  7 adders
  2 dart slugs
  13 orcs
  6 ball pythons
  4 endoplasms
  5 giant cockroaches
  8 goblins
  3 hobgoblins
  7 kobolds
  A quokka (D:2)
  6 bats
  4 frilled lizards
  7 rats
83 creatures vanquished.

Notes
Turn   | Place    | Note
-------+----------+-------------------------------------------
     0 | D:1      | bande the Gnoll Wanderer began the quest for the Orb.
     0 | D:1      | bande set off with the following items: a +0 shortbow, a +0
                  | cloak, a scroll of fog, 39 stones, a +0 leather armour; and
                  | the following spell memorised: Sandblast; and the following
                  | spells available to memorise: Passwall, Animate Armour
     0 | D:1      | Reached XP level 1. HP: 20/20 MP: 4/4
   158 | D:1      | Reached XP level 2. HP: 25/26 MP: 5/5
   167 | D:1      | Found a faded altar of an unknown god.
   988 | D:2      | Noticed Sigmund
  1186 | D:2      | Killed Sigmund
  1187 | D:2      | Reached skill level 1 in Short Blades
  1187 | D:2      | Reached skill level 1 in Long Blades
  1187 | D:2      | Reached skill level 1 in Axes
  1187 | D:2      | Reached skill level 1 in Maces & Flails
  1187 | D:2      | Reached skill level 1 in Polearms
  1187 | D:2      | Reached skill level 1 in Staves
  1187 | D:2      | Reached skill level 1 in Slings
  1187 | D:2      | Reached skill level 1 in Crossbows
  1187 | D:2      | Reached skill level 1 in Throwing
  1187 | D:2      | Reached skill level 1 in Stealth
  1187 | D:2      | Reached skill level 1 in Shields
  1187 | D:2      | Reached skill level 1 in Unarmed Combat
  1187 | D:2      | Reached skill level 1 in Conjurations
  1187 | D:2      | Reached skill level 1 in Hexes
  1187 | D:2      | Reached skill level 1 in Summonings
  1187 | D:2      | Reached skill level 1 in Necromancy
  1187 | D:2      | Reached skill level 1 in Translocations
  1187 | D:2      | Reached skill level 1 in Transmutations
  1187 | D:2      | Reached skill level 1 in Fire Magic
  1187 | D:2      | Reached skill level 1 in Ice Magic
  1187 | D:2      | Reached skill level 1 in Air Magic
  1187 | D:2      | Reached skill level 1 in Poison Magic
  1187 | D:2      | Reached skill level 1 in Invocations
  1187 | D:2      | Reached skill level 1 in Evocations
  1187 | D:2      | Reached XP level 3. HP: 15/32 MP: 5/7
  1187 | D:2      | Reached XP level 4. HP: 18/38 MP: 5/8
  1187 | D:2      | Reached XP level 5. HP: 21/43 MP: 5/9
  1721 | D:2      | Found a sparkling altar of Nemelex Xobeh.
  1864 | D:2      | Found Baun's Weapon Boutique.
  1999 | D:2      | Noticed Jessica
  2009 | D:2      | Killed Jessica
  2010 | D:2      | Reached XP level 6. HP: 16/50 MP: 9/11
  3093 | D:3      | Found an opulent altar of Gozag.
  3307 | D:3      | Reached skill level 5 in Fighting
  3307 | D:3      | Reached skill level 5 in Bows
  3947 | D:4      | Found a staircase to the Ecumenical Temple.
  3970 | D:4      | Reached XP level 7. HP: 54/56 MP: 12/12
  4004 | Temple   | Entered the Ecumenical Temple
  4592 | D:4      | HP: 2/53 [wight/+2 mace of protection (5)]
  4594 | D:4      | Slain by a wight

Illustrated notes

Levels and vault maps discovered:
D:1:      evilmike_arrival_fibonacci_small, layout_loops_ring,
          dreamdust_ecumenical_altar_statues, minivault_19, due_unseen_surprise
D:2:      layout_basic, serial_shops, shop, basic_altar, uniq_sigmund,
          uniq_jessica
D:3:      layout_loops_ring, mainiacjoe_overflow_24_doors
D:4:      layout_loops_cross, minmay_temple_entry_grid, minmay_misc_feat_room
Temple:   minmay_temple_curvy_branch

Skill      XL: |  1  2  3  4  5  6  7 |
---------------+----------------------+-----
Short Blades   | 1 2 |  2.5
Long Blades    | 1 2 |  2.5
Axes           | 1 2 |  2.5
Maces & Flails | 1 2 |  2.5
Polearms       | 1 2 |  2.5
Staves         | 1 2 |  2.5
Slings         | 1 2 |  2.5
Crossbows      | 1 2 |  2.5
Throwing       | 1 2 |  2.5
Armour         | 3 |  3.7
Dodging        | 3 |  3.7
Stealth        | 1 2 |  2.5
Shields        | 1 2 |  2.5
Unarmed Combat | 1 2 |  2.5
Spellcasting   | 3 |  3.8
Conjurations   | 1 2 |  2.1
Hexes          | 1 2 |  2.1
Summonings     | 1 2 |  2.1
Necromancy     | 1 2 |  2.1
Translocations | 1 2 |  2.1
Transmutations | 1 2 |  2.1
Fire Magic     | 1 2 |  2.1
Ice Magic      | 1 2 |  2.1
Air Magic      | 1 2 |  2.1
Poison Magic   | 1 2 |  2.1
Invocations    | 1 2 |  2.8
Evocations     | 1 2 |  2.5
Fighting       | 5 |  5.3
Bows           | 5 |  5.3
Earth Magic    | |  5.8

Action                   |  1- 3 |  4- 6 |  7- 9 || total
-------------------------+-------+-------+-------++-------
Melee: Falchion          |     5 |    41 |    62 ||   108
       Shortbow          |     1 |       |       ||     1
       Bite              |       |       |     8 ||     8
       Punch             |       |       |     2 ||     2
 Fire: Shortbow          |    59 |   158 |       ||   217
  Use: Potion            |     3 |       |       ||     3
       Scroll            |     2 |     6 |     1 ||     9
Armor: Leather armour    |     4 |       |       ||     4
       Scale mail        |    13 |    77 |    19 ||   109
Dodge: Dodged            |    15 |    83 |    27 ||   125

Table legend: (Time is in decaauts)
 A = Elapsed time spent in this place.
 B = Non-inter-level travel time spent in this place.
 C = Inter-level travel time spent in this place.
 D = Time resting spent in this place.
 E = Time spent auto-exploring this place.
 F = Levels seen in this place.
 G = Mean time per level.
                   A        B        C        D        E       F      G
               +--------+--------+--------+--------+--------+-----+--------+
         Total |   4707 |   4666 |     41 |   1131 |   2540 |   5 |  941.4 |
       Dungeon |   4434 |   4393 |     41 |   1131 |   2315 |   4 | 1108.5 |
        Temple |    272 |    272 |      0 |      0 |    225 |   1 |  272.0 |
               +--------+--------+--------+--------+--------+-----+--------+

Top non-repeatable levels by time:
     D:2: 1738 daAuts
     D:1: 1180 daAuts
     D:3: 949 daAuts
     D:4: 565 daAuts
  Temple: 272 daAuts
